 Dungeon Crawl Stone Soup version 0.31.0-12-g77e489cdc1 (webtiles) character file.

Game seed: 12963803386651651131

14261 Ijustatesigmund the Protected (level 12, -2/75 HPs)
             Began as a Gargoyle Earth Elementalist on Feb 21, 2024.
             Was a Priest of Vehumet.
             Slain by a stone giant (17 damage)
             ... on level 14 of the Dungeon.
             The game lasted 00:18:32 (9237 turns).

Ijustatesigmund the Protected (GrEE)                Turns: 9237, Time: 00:18:33

Health: -2/75      AC: 30    Str: 13    XL:     12   Next: 14%
Magic:  22/22      EV: 13    Int: 23    God:    Vehumet [***...]
Gold:   1286       SH:  0    Dex: 13    Spells: 21/25 levels left

rFire   . . .        n - +9 quarterstaff of the Leaping Visionary {flame, Stlth+}
rCold   . . .        (shield currently unavailable)
rNeg    + . .        v - +4 chain mail of Daffodils {Regen+ Int+3 Dex+3}
rPois   ∞            G - +1 helmet
rElec   +            u - +1 cloak
rCorr   .            (no gloves)
SInv    .            (no boots)
Will    .....        x - amulet of regeneration Stlth
                     B - +5 ring of evasion
HPRegen 1.92/turn    y - ring of wizardry
MPRegen 0.18/turn

%: wizardry (x1)
@: silenced, marked, hasted, very quick
A: sickness immunity, AC +8, negative energy resistance 1, electricity
resistance, torment resistance 1, petrification resistance
a: Renounce Religion


You were on level 14 of the Dungeon.
You worshipped Vehumet.
Vehumet was most pleased with you.
You visited 2 branches of the dungeon, and saw 15 of its levels.

You collected 1520 gold pieces.
You spent 234 gold pieces at shops.

Inventory:

Hand Weapons
 n - the +9 quarterstaff of the Leaping Visionary (weapon) {flame, Stlth+}
   (You took it off a hobgoblin on level 3 of the Dungeon)

   Stlth+:    It makes you more stealthy.
 A - a +2 heavy flail
 I - a +4 flail
Missiles
 p - a throwing net
Armour
 a - a +0 robe
 u - a +1 cloak (worn)
 v - the +4 chain mail of Daffodils (worn) {Regen+ Int+3 Dex+3}
   (You found it on level 4 of the Dungeon)

   Int+3:     It affects your intelligence (+3).
   Dex+3:     It affects your dexterity (+3).
   Regen+:    It increases your rate of health regeneration.
 G - a +1 helmet (worn)
Jewellery
 x - an amulet of regeneration (around neck)
 y - a ring of wizardry (right hand)
 B - a +5 ring of evasion (left hand)
 H - an amulet of faith
 M - a ring of positive energy
 O - a +5 ring of evasion
 P - a ring of protection from cold
Wands
 c - a wand of flame (118)
 F - a wand of mindburst (26)
 K - a wand of paralysis (8)
 N - a wand of light (3)
Scrolls
 d - a scroll of vulnerability
 f - a scroll of immolation
 g - 4 scrolls of teleportation
 h - a scroll of enchant weapon
 i - a scroll of poison
 m - 2 scrolls of enchant armour
 r - 2 scrolls of fog
 w - a scroll of butterflies
 E - 3 scrolls of identify
Potions
 b - 3 potions of magic
 e - a potion of cancellation
 j - a potion of might
 k - 3 potions of ambrosia
 q - 2 potions of attraction
 z - 2 potions of enlightenment
 C - 5 potions of curing
 D - a potion of brilliance
 J - a potion of resistance


   Skills:
 + Level 8.9 Fighting
 - Level 4.4 Staves
 - Level 12.0 Armour
 - Level 1.5 Dodging
 - Level 2.1 Stealth
 + Level 7.1 Spellcasting
 + Level 8.2 Conjurations
 + Level 9.7 Earth Magic


You had 21 spell levels left.
You knew the following spells:

 Your Spells              Type           Power      Damage    Failure   Level
a - Sandblast             Erth           100%       2d20      1%          1
b - Stone Arrow           Conj/Erth      98%        3d13      1%          3

Your spell library contained the following spells:

 Spells                   Type           Power      Damage    Failure   Level
 Ignite Poison            Fire/Alch      8%         N/A       52%         4
 Magic Dart               Conj           100%       1d8       1%          1
 Sting                    Conj/Alch      100%       1d9       1%          1
 Searing Ray              Conj           92%        2d7       1%          2
 Passwall                 Erth           52%        N/A       1%          3
 Brom's Barrelling Bould  Conj/Erth      49%        2d7       2%          4
 Fulminant Prism          Conj/Alch      13%        3d8       14%         4
 Frozen Ramparts          Ice            16%        1d3       22%         3
 Apportation              Tloc           16%        N/A       30%         1
 Necrotise                Necr           32%        1d5       30%         1
 Summon Small Mammal      Summ           32%        N/A       30%         1
 Animate Armour           Summ/Erth      60%        N/A       38%         4
 Leda's Liquefaction      Alch/Erth      15%        N/A       38%         4
 Petrify                  Alch/Erth      30%        N/A       38%         4
 Ensorcelled Hibernation  Hex/Ice        16%        N/A       41%         2
 Fugue of the Fallen      Necr           8%         N/A       65%         3
 Summon Ice Beast         Ice/Summ       8%         N/A       65%         3
 Anguish                  Hex/Necr       4%         N/A       95%         4
 Lehudib's Crystal Spear  Conj/Erth      24%        10d7      99%         8
 Metabolic Englaciation   Hex/Ice        4%         N/A       100%        5
 Summon Mana Viper        Hex/Summ       8%         N/A       100%        5
 Haunt                    Necr/Summ      4%         N/A       100%        7
 Monstrous Menagerie      Summ           4%         N/A       100%        7
 Borgnjor's Revivificati  Necr           4%         N/A       100%        8
 Death's Door             Necr           4%         N/A       100%        9


Dungeon Overview and Level Annotations

Branches:
Dungeon (15/15)            Temple (1/1) D:5            Lair (0/5) D:10
    Orc (0/2) D:11         Depths (0/4) D:15
 Vaults: D:13-14

Altars:
Ashenzari
Cheibriados
Dithmenos
Elyvilon
Fedhas
Gozag
Hepliaklqana
Kikubaaqudgha
Makhleb
Nemelex Xobeh
Okawaru
Qazlal
Ru
Sif Muna
Trog
Uskayaw
Vehumet
Wu Jian
Xom
Yredelemnul
Zin
The Shining One

Shops:
D:2 *   D:4 !   D:7 :   D:8 [   D:9 (   D:11 *

Annotations:
D:10 2 transporters, mursu's ghost, novice DgFi


Innate Abilities, Weirdness & Mutations

You are immune to sickness and miasma.
Your stone body is resilient. (AC +8)
You are immune to poison.
You resist negative energy. (rN+)
You are resistant to electric shocks. (rElec)
You are resistant to unholy torment.
You are immune to petrification.


Message History

The stone giant hits you!
* * * LOW HITPOINT WARNING * * *
You feel much better.
The centaur warrior shoots an arrow.
The arrow hits you but does no damage. The occultist closely misses you.
The stone giant hits you!
You feel much better.
The occultist hits you but does no damage.
The centaur warrior shoots an arrow.
The arrow hits you. The stone giant closely misses you.
You feel yourself speed up.
You feel your willpower return.
The centaur warrior shoots an arrow.
The arrow closely misses you.
The arrow hits the stone giant but does no damage.
The occultist closely misses you. The stone giant hits you!
A necromancer comes into view. It is wielding a +0 dagger.
A warg comes into view.
The centaur warrior shoots an arrow.
The arrow hits you but does no damage.
The occultist attacks as it pursues you!
The occultist hits you but does no damage.
The necromancer gestures wildly while chanting.
The necromancer binds the souls of nearby monsters.
The stone giant attacks as it pursues you!
The stone giant hits you but does no damage.
The centaur warrior shoots an arrow.
The arrow hits you!
The centaur warrior shoots an arrow.
The arrow hits you!
The necromancer casts a spell.
The necromancer binds the souls of nearby monsters.
The centaur warrior shoots an arrow.
The arrow hits you! The stone giant hits you!
* * * LOW HITPOINT WARNING * * *
There is a stone staircase leading up here.
The necromancer gestures wildly while chanting.
The necromancer binds the souls of nearby monsters.
The occultist hits you but does no damage.
You climb upwards.
Found a spear, a wand of paralysis (4) and a scroll of enchant armour.
There is a stone staircase leading down here.
The stone giant attacks as it pursues you!
The stone giant hits you!
You die...

. /..
###########.....
.......@Cp......
................
......).........
................
.........#..##..
^#.....#..?.# .
#.....#.....
#.....##.#.##


You could see a stone giant (soul bound) and an occultist (soul bound).

Vanquished Creatures
  A centaur warrior (D:15)
  2 two-headed ogres
  A tengu warrior (D:11)
  The ghost of Pokrew the Fighter, a novice GrFi (D:6)
  Pikel (D:5)
  An ugly thing (D:12)
  Maurice (D:7)
  A manticore (D:11)
  An unseen horror (D:11)
  A kobold demonologist (D:10)
  2 komodo dragons
  Prince Ribbit (D:7)
  3 trolls
  2 hornets
  2 shadows
  4 wyverns
  2 wraiths (D:11)
  2 basilisks
  14 yaks
  Eustachio (D:6)
  Edmund (D:6)
  4 vampire mosquitoes (D:11)
  Duvessa (D:5)
  5 water moccasins
  An orc warrior (D:8)
  A black bear (D:6)
  An ice beast (D:8)
  3 ogres
  2 centaurs
  A phantom (D:5)
  Blork the orc (D:5)
  A kobold brigand (D:10)
  5 bullfrogs
  A scorpion (D:10)
  7 wights
  Dowan (D:5)
  4 killer bees
  4 howler monkeys
  A bombardier beetle (D:6)
  2 gnoll boudas
  3 orc priests
  A hound (D:4)
  3 jellies
  Ijyb (D:3)
  Natasha (D:3)
  4 iguanas
  7 orc wizards
  10 gnolls
  5 adders
  3 shadow imps
  4 ufetubi (D:6)
  2 dart slugs
  A ribbon worm (D:2)
  17 orcs
  2 ball pythons
  5 endoplasms
  2 giant cockroaches (D:1)
  8 hobgoblins
  4 jackals
  A quokka (D:3)
  3 bats
  3 frilled lizards
  6 goblins
  7 kobolds
  5 rats
199 creatures vanquished.

Notes
Turn   | Place    | Note
-------+----------+-------------------------------------------
     0 | D:1      | Ijustatesigmund the Gargoyle Earth Elementalist began the
                  | quest for the Orb.
     0 | D:1      | Reached XP level 1. HP: 10/10 MP: 3/3
   156 | D:1      | Reached XP level 2. HP: 16/16 MP: 1/5
   398 | D:1      | Reached skill level 1 in Fighting
   904 | D:1      | Reached XP level 3. HP: 20/20 MP: 4/6
   908 | D:1      | Learned a level 3 spell: Stone Arrow
  1201 | D:2      | Found a faded altar of an unknown god.
  1215 | D:2      | Identified the +2 leather armour of Shadows and Fog {rPois
                  | rN+}
  1303 | D:2      | Found Lurhith's General Store.
  1333 | D:2      | Bought a potion of curing for 36 gold pieces
  1808 | D:3      | Found a broken altar of Ashenzari.
  2096 | D:3      | Noticed Ijyb
  2113 | D:3      | Killed Ijyb
  2114 | D:3      | Reached XP level 4. HP: 6/26 MP: 4/7
  2738 | D:3      | Noticed Natasha
  2741 | D:3      | Killed Natasha
  2746 | D:3      | Identified the +9 quarterstaff of the Leaping Visionary
                  | {flame, Stlth+}
  2750 | D:3      | Reached XP level 5. HP: 23/30 MP: 5/9
  2985 | D:4      | Found a blossoming altar of Fedhas.
  2990 | D:4      | Identified the -1 helmet of Dim Light {Dex+5}
  3049 | D:4      | Reached skill level 5 in Earth Magic
  3049 | D:4      | Reached XP level 6. HP: 37/37 MP: 8/10
  3216 | D:4      | Found Vumeg's Distillery.
  3221 | D:4      | Bought a potion of heal wounds for 60 gold pieces
  3460 | D:4      | Identified the +4 chain mail of Daffodils {Regen+ Int+3
                  | Dex+3}
  3543 | D:4      | Reached skill level 1 in Staves
  3543 | D:4      | Reached skill level 1 in Armour
  3598 | D:5      | Entered Level 5 of the Dungeon
  3599 | D:5      | Found a staircase to the Ecumenical Temple.
  3608 | Temple   | Entered the Ecumenical Temple
  3622 | Temple   | Became a worshipper of Vehumet
  3687 | D:5      | Reached skill level 2 in Armour
  3697 | D:5      | Reached XP level 7. HP: 9/41 MP: 11/11
  3927 | D:5      | Found an ancient bone altar of Kikubaaqudgha.
  3982 | D:5      | Noticed Pikel
  3991 | D:5      | Killed Pikel
  3992 | D:5      | Reached skill level 4 in Armour
  3992 | D:5      | Reached XP level 8. HP: 46/46 MP: 12/12
  4355 | D:5      | Noticed Dowan
  4378 | D:5      | Killed Dowan
  4379 | D:5      | Reached skill level 5 in Armour
  4379 | D:5      | Noticed Duvessa
  4391 | D:5      | Killed Duvessa
  4392 | D:5      | Noticed Blork the orc
  4400 | D:5      | Killed Blork the orc
  4485 | D:6      | Noticed Eustachio
  4730 | D:5      | Reached skill level 6 in Armour
  4734 | D:5      | Reached skill level 5 in Fighting
  4770 | D:6      | Noticed Pokrew's ghost (novice GrFi)
  4788 | D:6      | Killed Eustachio
  4789 | D:6      | Reached skill level 7 in Armour
  4789 | D:6      | Reached XP level 9. HP: 45/55 MP: 13/13
  4839 | D:6      | Noticed Edmund
  4851 | D:6      | Killed Edmund
  4897 | D:6      | Reached * piety under Vehumet
  4897 | D:6      | Offered knowledge of Kiss of Death by Vehumet.
  5029 | D:6      | Found a runed translucent door.
  5231 | D:6      | Killed Pokrew's ghost
  5232 | D:6      | Reached skill level 8 in Armour
  5273 | D:7      | Found Aton Fosoll's Book Shoppe.
  5278 | D:7      | Noticed Maurice
  5318 | D:7      | Killed Maurice
  5319 | D:7      | Reached skill level 9 in Armour
  5332 | D:7      | Noticed Prince Ribbit
  5346 | D:7      | Killed Prince Ribbit
  5347 | D:7      | Reached XP level 10. HP: 56/65 MP: 14/14
  5951 | D:8      | Found Tikypeut's Armour Emporium.
  5969 | D:8      | Bought a +1 helmet for 138 gold pieces
  6084 | D:8      | Found an ornate altar of the Wu Jian Council.
  6233 | D:8      | Reached skill level 10 in Armour
  6240 | D:8      | Reached ** piety under Vehumet
  6240 | D:8      | Offered knowledge of Shock by Vehumet.
  6537 | D:9      | Found an iron altar of Okawaru.
  6594 | D:9      | Reached skill level 5 in Conjurations
  6597 | D:9      | Found Yfiesum's Weapon Shop.
  6666 | D:9      | Noticed a two-headed ogre
  6686 | D:10     | Entered Level 10 of the Dungeon
  6743 | D:9      | Found a hide-covered altar of Uskayaw.
  6811 | D:9      | Killed a two-headed ogre
  6812 | D:9      | Reached skill level 5 in Spellcasting
  6812 | D:9      | Reached XP level 11. HP: 69/69 MP: 18/18
  6879 | D:9      | Found a sacrificial altar of Ru.
  7041 | D:10     | Found a shimmering altar of Xom.
  7086 | D:10     | Found a bloodstained altar of Trog.
  7087 | D:10     | Found a sparkling altar of Nemelex Xobeh.
  7091 | D:10     | Found an opulent altar of Gozag.
  7151 | D:10     | Reached skill level 11 in Armour
  7151 | D:10     | Offered knowledge of Hailstorm by Vehumet.
  7192 | D:10     | Found a staircase to the Lair.
  7411 | D:10     | Noticed a soul eater
  7440 | D:10     | Reached *** piety under Vehumet
  7457 | D:10     | Found a transporter.
  7460 | D:10     | Noticed a tengu warrior
  7460 | D:10     | Noticed mursu's ghost (novice DgFi)
  7461 | D:10     | Noticed a moth of wrath
  7461 | D:10     | Noticed a two-headed ogre
  7554 | D:10     | Found a bloodstained altar of Trog.
  7561 | D:10     | Found a transporter.
  8091 | D:11     | Noticed a manticore
  8108 | D:11     | Killed a manticore
  8404 | D:11     | Found Tuad's Fire Supplies.
  8416 | D:11     | Noticed a tengu warrior
  8434 | D:11     | Killed a tengu warrior
  8500 | D:11     | Found a staircase to the Orcish Mines.
  8980 | D:12     | Noticed a cyan ugly thing
  9012 | D:11     | Noticed a two-headed ogre
  9027 | D:11     | Killed a two-headed ogre
  9028 | D:11     | Reached XP level 12. HP: 39/75 MP: 22/22
  9162 | D:12     | Reached skill level 12 in Armour
  9199 | D:12     | You fall into a shaft and drop 3 floors!
  9199 | D:15     | Entered Level 15 of the Dungeon
  9207 | D:15     | Identified a scroll of acquirement
  9207 | D:15     | Acquired 693 gold pieces
  9215 | D:15     | Noticed a centaur warrior
  9217 | D:15     | Noticed a stone giant
  9221 | D:15     | Noticed a tengu warrior
  9223 | D:15     | Noticed a centaur warrior
  9224 | D:15     | Killed a centaur warrior
  9224 | D:15     | Offered knowledge of Ignite Poison by Vehumet.
  9226 | D:15     | Noticed an occultist
  9237 | D:14     | Slain by a stone giant

Illustrated notes

Levels and vault maps discovered:
D:1:      spicycebolla_arrival_xxxplode, layout_basic
D:2:      layout_rooms, serial_shops, shop, hellmonk_ecumenical_altar_crossroads
D:3:      layout_basic, mainiacjoe_overflow_surrounded_room, uniq_natasha,
          uniq_ijyb
D:4:      layout_cave_pools, fedhas_altar_3, serial_shops, shop,
          nicolae_nh_ransacked_shop
D:5:      layout_loops_ring, kiku_gazebo_garden_becter,
          minmay_temple_entry_glass, uniq_pikel, uniq_duvessa,
          uniq_blork_the_orc
D:6:      layout_rooms, hellmonk_ghost_happy_afterlife, uniq_eustachio,
          uniq_edmund
D:7:      layout_loops_cross, serial_shops, shop,
          corexii_item_surrounded_by_moat, uniq_maurice, uniq_prince_ribbit1
D:8:      layout_rooms, mainiacjoe_overflow_24_doors, serial_shops, shop,
          minmay_misc_feat_roman, minmay_chambers_of_fives
D:9:      layout_big_octagon, okawaru_ov_weapons_minmay, serial_shops,
          nicolae_shop_bloodbath_and_beyond, hangedman_feature_mirror
D:10:     layout_roguey, minitemple, minmay_lair_entry_grove,
          gammafunk_ghost_wrathful_warriors
D:11:     layout_basic, orc_0_dummy, nicolae_shop_fire_sale
          [nicolae_sub_dead_trees], minmay_misc_feat_tower
D:12:     layout_long_grid, uniq_nergalle
D:14:     minmay_inside_and_out, layout_loops_ring, david_vaults_3,
          kennysheep_flooded_box, nemelex_lonely_heart_becter
D:15:     hangedman_depths_entry_civil_slaughter, layout_loops_ring,
          pdpol_wu_jian_five_deadly_venoms, gauntlet_entry_generic,
          minmay_crystal_water
Temple:   nicolae_temple_bog_church

Skill      XL: |  1  2  3  4  5  6  7  8  9 10 11 12 |
---------------+-------------------------------------+-----
Fighting       | 1 2 3 5 8 |  8.9
Earth Magic    | 4 5 7 9 |  9.7
Conjurations   | 2 3 5 8 |  8.2
Spellcasting   | 3 5 6 7 |  7.1
Staves         | 2 4 |  4.4
Armour         | 2 4 7 9 10 11 12 | 12.0
Dodging        | |  1.5
Stealth        | |  2.1

Action                     |  1- 3 |  4- 6 |  7- 9 | 10-12 || total
---------------------------+-------+-------+-------+-------++-------
  Melee: Unarmed           |    24 |     2 |       |       ||    26
         Quarterstaff      |       |    35 |   173 |   423 ||   631
   Cast: Sandblast         |    57 |    28 |       |       ||    85
  Evoke: Wand              |       |       |     1 |     1 ||     2
    Use: Potion            |     3 |       |       |     7 ||    10
         Scroll            |       |     4 |     3 |    13 ||    20
 Armour: Robe              |    22 |     9 |       |       ||    31
         Chain mail        |       |    27 |   198 |   563 ||   788
  Dodge: Dodged            |    33 |    21 |    82 |   376 ||   512
